← All builds
Suicide front / Cortex / Economy first / OBSERVED BUILD

Pounder assault push

Cortex Suicide front build order · Supreme Isthmus

Opens Vehicle Plant and leads with a T1 vehicle riot push, Pounder arriving by 1:16, supported by Rascal raiders and Wolverine artillery, fighting forward in the middle as the early commitment well ahead of role norms.

Usually 3 mex, then lab (66%)

#rush #push #artillery · 31 distinct matches · 14 players · 2% of Cortex Suicide front games · team won 63% of 32 · Recently observed

THE CATCH, AND WHAT COMES WITH IT
  • PounderT1 vehicle riot from 1:16 · 7% of role by thenFrom the Vehicle Plant. Only 7% of Suicide front games have it by then; others who build it get it around 1:47
  • Vehicle PlantVehicle Plant in 100%8% of all Suicide front games by then
  • RascalRascal in 88%6% of all Suicide front games by then
  • WolverineWolverine in 81%4% of all Suicide front games by then
  • BruteBrute in 59%3% of all Suicide front games by then

Where those units first fight, in 32 games with kill data: in the middle 94%, on their own side 6%.

Those units destroy a typical 1,443 metal of enemy units by 15:00.

Then transitions into brute (21% of army), wolverine (12% of army).

HOW TO PLAY IT

Key timing: Pounder by 1:16

  1. Open Vehicle Plant right away, same as usual Suicide front start.
  2. Send Rascal raiders out ahead of the normal role timing.
  3. Commit to Pounder riot pushing into the middle early.
  4. Add Wolverine artillery to support the riot push.
  5. Shift the army toward Brute as the main late push unit.

Phase by phase

TYPICAL OF ITS 31 GAMES · AGAINST STANDARD SUICIDE FRONT
  1. 1
  2. 2
  3. 3
PLAY THE OPENING

Follow the example game's first 6:00 step by step: what to build now, what comes next, and where it goes. At 1× it keeps pace with your own game.

  1. 1

    Up to the T1 vehicle riot

    Economy
    • Metal Extractor3Mex
    • Wind Turbine1Wind
    Order
    1. Vehicle PlantVehicle Plant after 3 mex
    2. PounderT1 vehicle riot after 3 mex, 1 wind

    Some games also: con vehicle (50%) · rascal (38%) · Guard (34%)

    By 1:09 in all: 3 mex · 1 wind

    The example game in this phase · 4 steps
    1. Mex ×3
    2. Vehicle PlantVehicle Plantdone 0:47 · typical 0:48
    3. Wind
    4. PounderPounderdone 1:10
  2. 2

    T1 vehicle riot to 5:00

    Economy
    • Metal Extractor2Mex
    • Wind Turbine5Wind+4 vs standard
    Builders
    • Construction Vehicle3 Con vehicle +3 vs standard
    Army
    • Guard2 Guard
    • Wolverine6 Wolverine +6 vs standard
    • Pounder3 Pounder +3 vs standard
    Other
    • Radar Tower1 Radar Tower

    Some games also: rascal (44%) · con turret (38%) · Twin Guard (34%) · brute (31%)

    The standard build makes here, this one skips: 3 Graverobber · 2 con bot · 16 thug

    By 5:00 in all: 5 mex · 7 wind (standard 3)

    The example game in this phase · 19 steps
    1. Wind ×3
    2. PounderPounder
    3. Wind ×3
    4. RascalRascal
    5. Construction VehicleCon vehicle ×2
    6. PounderPounder
    7. Mex
    8. WolverineWolverine ×2
    9. Radar TowerRadar Tower
    10. GuardGuard
    11. Mex
    12. GuardGuard
    13. WolverineWolverine ×3
    14. Twin GuardTwin Guard
    15. Construction VehicleCon vehicle
    16. Twin GuardTwin Guard
    17. BruteBrute ×3
    18. WardenWarden
    19. BruteBrute
  3. 3

    5:00 to 10:00

    Economy
    • Metal Extractor1Mex
    • Wind Turbine15Wind
    Builders
    • Construction Turret2 Con turret
    • Construction Vehicle2 Con vehicle +2 vs standard
    Army
    • Guard1 Guard
    • Brute6 Brute +6 vs standard
    • Pounder2 Pounder +2 vs standard
    • Rascal2 Rascal +2 vs standard
    Other
    • Radar Tower1 Radar Tower

    Some games also: lasher (47%) · Dragon's Teeth (44%) · wolverine (44%) · energy storage (38%) · Twin Guard (34%)

    The standard build makes here, this one skips: 3 Graverobber

    By 10:00 in all: 6 mex · 23 wind (standard 16) · 3 con turret

    The example game in this phase · 14 steps
    1. BruteBrute
    2. Twin GuardTwin Guard
    3. RascalRascal
    4. Construction VehicleCon vehicle
    5. BruteBrute ×4
    6. Radar TowerRadar Tower
    7. Wind
    8. BruteBrute
    9. Wind
    10. Solar
    11. Con turret
    12. RascalRascal
    13. Wind
    14. LasherLasher

Counts are medians over the build's games: half of them build more, half fewer. The example game is CommandoMan's (35 OS, 01/09/2026); pick another.

Team trades

IN AT LEAST 30% OF ITS GAMES

You hand over

Nothing regular.

You get

  • Tidal Generator4 Tidal from Pondfirst at 0:13 · in 66% of games
  • Advanced Construction Bot1 T2 con bot from Geo or Techfirst at 8:35 · in 56% of games

How it plays out

Typical game of this build against the role’s standard build, running totals by minute

  • This build
  • Standard suicide front

Metal produced

010k20k
0:005:0010:0015:00

metal

Enemy metal destroyed

05k10k
0:005:0010:0015:00

metal

Own metal lost

05k10k
0:005:0010:0015:00

metal

32 games.

Show as table
ByMetal produced: This buildMetal produced: Standard suicide frontEnemy metal destroyed: This buildEnemy metal destroyed: Standard suicide frontOwn metal lost: This buildOwn metal lost: Standard suicide front
1:004003300000
2:009409440000
3:001731203614521613172
4:0027733125604732304630
5:0037794278126015406021402
6:00483854611981250511512338
7:00613266362730361515613317
8:00738778264010455923754355
9:00833689404342529030345260
10:009409102055454599742696154
11:0010582115685475655247516943
12:0012186131406060701661527723
13:0014166147526874775268818382
14:0016067163848236833078818916
15:0017930177858453896187999568
WHAT THE NUMBERS SAY

Won clearly more often than the standard build with notably lower own metal losses at every checkpoint.

  • + Own metal lost roughly 40% lower than standard build at 5:00 and 10:00.
  • + Metal produced by 15:00 exceeds the standard build's.
  • − Enemy metal destroyed is lower than standard at every checkpoint.
  • − Metal produced trails standard build early at 5:00 and 10:00.
THE EXAMPLE YOU ARE READING

CommandoMan

34.8 OS · 01/09/2026

Open source match ↗

1 received units
60 metal received · 17165 energy received

Allied construction assistance is unknown. Timings are observations, not a promise of solo reproducibility.

Typical milestones

Vehicle Plant0:48Middle 50%: 0:46–0:54 · n=32
Advanced Metal Extractor10:27Middle 50%: 9:39–11:11 · n=25

Played most by

CommandoMan14games of this buildMischievousDragonGF4games of this buildRAM_Ricardo3games of this build[crd]sisa1game of this buildEtherift1game of this build